Connexion

Bears vs Comets

Created - 23 septembre 2023 at 05:41

Goals
1 2 3 T
Bears 1 1 0 2
Comets 2 3 1 6
Shots
1 2 3 T
Bears 16 13 9 38
Comets 10 11 10 31

GoalsPenalties
1st period
1. Comets , Josh Archibald 10 (Oskar Lindblom 23, Derek Ryan 15) at 6:52
2. Bears , Joona Luoto 11 (Cole Koepke 8, Dennis Gilbert 8) at 19:21
3. Comets , Derek Ryan 12 (Oskar Lindblom 24, Brandon Davidson 8) at 19:39
Markus Niemelainen (UTI) for Roughing (Minor) at 0:59
Michael Raffl (UTI) for Tripping (Minor) at 3:00
Kevin Czucman (UTI) for Hooking (Minor) at 9:53
Justin Dowling (HER) for Roughing (Minor) at 9:53
Kyle Burroughs (HER) for Hooking (Minor) at 12:15
Brendan Smith (UTI) for Hooking (Minor) at 14:31
Jay Beagle (HER) for High sticking (Minor) at 14:31
Frederik Gauthier (UTI) for Fighting (Major) at 16:52
Buddy Robinson (HER) for Fighting (Major) at 16:52
2nd period
4. Comets , Chase De Leo 13 (Trevor Lewis 14, Chris Terry 15) at 7:43
5. Comets , Oskar Lindblom 13 (Brandon Davidson 9, Markus Niemelainen 12) at 12:25
6. Comets , Derek Ryan 13 (Dylan Labbe 9, Brendan Smith 6) at 18:04 (PP)
7. Bears , Joona Luoto 12 (Andreas Borgman 10, Chad Krys 11) at 19:05 (SH)
Kyle Burroughs (HER) for Holding (Minor) at 8:44
Dennis Gilbert (HER) for Abuse of Officials (Major / Game Misconduct) at 16:58
3rd period
8. Comets , Trevor Lewis 5 (Chris Terry 16, Chase De Leo 12) at 1:18 (PP)
Kevin Czucman (UTI) for Hooking (Minor) at 11:10
Goalie Stats
Mikhal Berdin (HER), 14 saves from 18 shots - (0,778), L, 3-7-1, 32:25 minutes
Spencer Martin (HER), 11 saves from 13 shots - (0,846), 27:35 minutes
David Rittich (UTI), 36 saves from 38 shots - (0,947), W, 9-3-1, 60:00 minutes
3 StarsOfficial
1 - Derek Ryan (UTI)
2 - Oskar Lindblom (UTI)
3 - Josh Archibald (UTI)
Referees : Dan Marouelli and Dan O'Rourke
Linesman : Ryan Galloway and Don Henderson
Game Note
Frederik Gauthier and Buddy Robinson fight to a draw at 16:52 of 1st period
Spencer Martin enters game at 12:25 of 2nd period
Dennis Gilbert (HER) for Abuse of Officials (Major / Game Misconduct) at 16:58
Dennis Gilbert ejected from game at 16:58 of 2nd period
Dennis Gilbert from Bears is suspended for 4 game(s)
Finance
Level 1 -- Attendance: 1992 (99,60%) -- Ticket Income 69 720 $
Level 2 -- Attendance: 951 (95,10%) -- Ticket Income 14 265 $
Total Attendance: 2943 (98,10%)
Total Ticket Income: 83 985 $
Other Income: 16 797 $
Total Income: 100 782 $



Team Name Goals Shots Shots Attemp Shots Blocked PIM HIT PP PK FO%
Bears 23882628160 / 3 (0%)248%
Comets 631511515132 / 5 (40%)052%

Bears
Player Name POS G A P +/- PIM HIT SHT SB MP PP MP PP SHT PK MP PK SHT FO% FOT
Andreas BorgmanD0111001115:370:0002:2600% 0
Arttu RuotsalainenC000-1004017:203:0210:00050% 24
Austin WatsonC/LW/RW000001003:470:0000:0000% 0
Beck MalenstynLW000-1021114:400:0000:0600% 1
Buddy RobinsonRW000-1522015:043:0210:000100% 1
Chad KrysD0111010023:002:3904:0700% 0
Christoffer EhnC/LW000-200209:470:0000:00047% 15
Cole KoepkeLW0110025025:062:5516:0000% 1
Dennis GilbertD01101503013:211:4911:4410% 0
Gustav OlofssonD000-3004125:453:4024:5000% 0
Jay BeagleC/RW000020303:460:0000:0000% 0
Joona LuotoLW/RW2021003019:592:5502:45150% 10
Jordie BennD000-3022125:243:1824:4700% 0
Justin DowlingC/LW/RW0000202023:132:5505:24052% 33
Kyle BurroughsD0000432114:510:2800:0000% 0
Lean BergmannLW/RW000-1033116:373:0202:4500% 0
Maxim LetunovC000000009:010:0000:00033% 3
Tyrell GoulbourneLW000-2001010:410:0000:5400% 1
Comets
Player Name POS G A P +/- PIM HIT SHT SB MP PP MP PP SHT PK MP PK SHT FO% FOT
Brandon DavidsonD0223002022:545:1822:5900% 0
Brendan SmithD011-2200113:421:3000:0400% 0
Chase De LeoC/LW1120004219:294:5312:20050% 24
Chris TerryLW/RW0220002015:284:5310:000100% 1
Cliff PuRW000000005:480:0000:0000% 0
Dennis YanLW000-102006:530:0000:330100% 2
Derek RyanC2133015123:424:0423:23055% 29
Dylan LabbeD011-1001113:510:5511:4000% 0
Frederik GauthierC0000522110:140:0000:00050% 8
Josh ArchibaldRW1013034021:594:0402:160100% 1
Kevin CzucmanD0000400222:502:2902:0300% 0
Markus NiemelainenD0114200221:595:1302:1000% 0
Matt BartkowskiD0000030324:402:2902:5800% 0
Michael JolyRW000-1011110:470:0000:0000% 1
Michael RafflLW/RW000-1202110:460:0000:0000% 0
Oskar LindblomLW/RW1233006023:414:0413:22033% 12
Santeri VirtanenC000000005:480:0000:00050% 10
Trevor LewisC/RW1120012015:284:5320:000100% 1



Play-by-Play

1st period


0:01 of 1st period - Derek Ryan wins face-off versus Justin Dowling in neutral zone.
0:34 of 1st period - Shot by Josh Archibald.
0:34 of 1st period - Stopped by Mikhal Berdin with a rebound.
0:36 of 1st period - Shot by Derek Ryan.
0:36 of 1st period - Stopped by Mikhal Berdin without a rebound.
0:37 of 1st period - Chase De Leo wins face-off versus Arttu Ruotsalainen in Bears zone.
0:59 of 1st period - Minor Penalty to Markus Niemelainen for Roughing.
1:00 of 1st period - Justin Dowling wins face-off versus Oskar Lindblom in Comets zone.
1:57 of 1st period - Shot by Chad Krys.
1:57 of 1st period - Shot Misses the Net.
1:59 of 1st period - Shot by Buddy Robinson.
1:59 of 1st period - Shot Misses the Net.
2:01 of 1st period - Shot by Buddy Robinson.
2:01 of 1st period - Stopped by David Rittich without a rebound.
2:02 of 1st period - Arttu Ruotsalainen wins face-off versus Oskar Lindblom in Comets zone.
2:03 of 1st period - Shot by Jordie Benn.
2:03 of 1st period - Stopped by David Rittich with a rebound.
2:13 of 1st period - Shot by Gustav Olofsson.
2:13 of 1st period - Deflect By Lean Bergmann.
2:13 of 1st period - Shot Blocked by Matt Bartkowski.
3:00 of 1st period - Minor Penalty to Michael Raffl for Tripping.
3:01 of 1st period - Oskar Lindblom wins face-off versus Justin Dowling in Comets zone.
3:19 of 1st period - Shot by Cole Koepke.
3:19 of 1st period - Shot Misses the Net.
3:21 of 1st period - Shot by Dennis Gilbert.
3:21 of 1st period - Stopped by David Rittich without a rebound.
3:22 of 1st period - Arttu Ruotsalainen wins face-off versus Derek Ryan in Comets zone.
3:37 of 1st period - Shot by Lean Bergmann.
3:37 of 1st period - Shot Blocked by Markus Niemelainen.
3:39 of 1st period - Shot by Gustav Olofsson.
3:39 of 1st period - Stopped by David Rittich without a rebound.
3:40 of 1st period - Justin Dowling wins face-off versus Chase De Leo in Comets zone.
4:26 of 1st period - Chase De Leo is hit by Buddy Robinson and loses puck.
4:33 of 1st period - Shot by Jordie Benn.
4:33 of 1st period - Shot Misses the Net.
4:35 of 1st period - Shot by Gustav Olofsson.
4:35 of 1st period - Stopped by David Rittich without a rebound.
4:36 of 1st period - Oskar Lindblom wins face-off versus Arttu Ruotsalainen in Comets zone.
4:42 of 1st period - Icing by Jordie Benn.
4:43 of 1st period - Arttu Ruotsalainen wins face-off versus Oskar Lindblom in Bears zone.
5:09 of 1st period - Maxim Letunov is hit by Michael Joly and loses puck.
5:17 of 1st period - Michael Raffl is hit by Kyle Burroughs and loses puck.
5:30 of 1st period - Shot by Michael Raffl.
5:30 of 1st period - Shot Blocked by Andreas Borgman.
5:32 of 1st period - Shot by Frederik Gauthier.
5:32 of 1st period - Stopped by Mikhal Berdin without a rebound.
5:33 of 1st period - Justin Dowling wins face-off versus Chase De Leo in Bears zone.
6:43 of 1st period - Jordie Benn is hit by Josh Archibald and loses puck.
6:48 of 1st period - Shot by Oskar Lindblom.
6:48 of 1st period - Shot Blocked by Beck Malenstyn.
6:50 of 1st period - Shot by Josh Archibald.
6:50 of 1st period - Shot Misses the Net.
6:52 of 1st period - Shot by Oskar Lindblom.
6:52 of 1st period - Deflect By Josh Archibald.
6:52 of 1st period - Goal by Josh Archibald - Bears : 0 - Comets : 1.
6:53 of 1st period - Christoffer Ehn wins face-off versus Frederik Gauthier in neutral zone.
6:56 of 1st period - Shot by Tyrell Goulbourne.
6:56 of 1st period - Shot Misses the Net.
6:58 of 1st period - Shot by Christoffer Ehn.
6:58 of 1st period - Shot Misses the Net.
7:00 of 1st period - Shot by Lean Bergmann.
7:00 of 1st period - Shot Blocked by Michael Joly.
7:20 of 1st period - Shot by Lean Bergmann.
7:20 of 1st period - Stopped by David Rittich with a rebound.
7:22 of 1st period - Shot by Andreas Borgman.
7:22 of 1st period - Stopped by David Rittich with a rebound.
7:32 of 1st period - Shot by Christoffer Ehn.
7:32 of 1st period - Stopped by David Rittich without a rebound.
7:33 of 1st period - Derek Ryan wins face-off versus Maxim Letunov in Comets zone.
7:33 of 1st period - Derek Ryan is hit by Austin Watson.
8:48 of 1st period - Shot by Cole Koepke.
8:48 of 1st period - Shot Misses the Net.
8:55 of 1st period - Icing by Matt Bartkowski.
8:56 of 1st period - Chris Terry wins face-off versus Arttu Ruotsalainen in Comets zone.
9:11 of 1st period - Off-side.
9:12 of 1st period - Santeri Virtanen wins face-off versus Christoffer Ehn in neutral zone.
9:23 of 1st period - Shot by Santeri Virtanen.
9:23 of 1st period - Shot Misses the Net.
9:34 of 1st period - Off-side.
9:35 of 1st period - Frederik Gauthier wins face-off versus Justin Dowling in neutral zone.
9:53 of 1st period - Minor Penalty to Kevin Czucman for Hooking.
9:53 of 1st period - Minor Penalty to Justin Dowling for Roughing.
9:54 of 1st period - Maxim Letunov wins face-off versus Oskar Lindblom in Comets zone.
11:22 of 1st period - Shot by Joona Luoto.
11:22 of 1st period - Shot Misses the Net.
11:26 of 1st period - Shot by Lean Bergmann.
11:26 of 1st period - Shot Blocked by Chase De Leo.
11:28 of 1st period - Shot by Lean Bergmann.
11:28 of 1st period - Shot Misses the Net.
11:58 of 1st period - Shot by Buddy Robinson.
11:58 of 1st period - Shot Misses the Net.
12:00 of 1st period - Shot by Kyle Burroughs.
12:00 of 1st period - Stopped by David Rittich without a rebound.
12:01 of 1st period - Santeri Virtanen wins face-off versus Arttu Ruotsalainen in Comets zone.
12:06 of 1st period - Shot by Arttu Ruotsalainen.
12:06 of 1st period - Stopped by David Rittich without a rebound.
12:07 of 1st period - Dennis Yan wins face-off versus Arttu Ruotsalainen in Comets zone.
12:13 of 1st period - Kevin Czucman is hit by Kyle Burroughs and loses puck.
12:15 of 1st period - Minor Penalty to Kyle Burroughs for Hooking.
12:16 of 1st period - Derek Ryan wins face-off versus Justin Dowling in Bears zone.
12:44 of 1st period - Shot by Oskar Lindblom.
12:44 of 1st period - Stopped by Mikhal Berdin without a rebound.
12:45 of 1st period - Justin Dowling wins face-off versus Chase De Leo in Bears zone.
12:55 of 1st period - Chris Terry is hit by Chad Krys and loses puck.
13:06 of 1st period - Shot by Chase De Leo.
13:06 of 1st period - Stopped by Mikhal Berdin with a rebound.
13:08 of 1st period - Shot by Chris Terry.
13:08 of 1st period - Stopped by Mikhal Berdin without a rebound.
13:09 of 1st period - Derek Ryan wins face-off versus Joona Luoto in Bears zone.
13:09 of 1st period - Derek Ryan is hit by Jordie Benn.
13:11 of 1st period - Shot by Brandon Davidson.
13:11 of 1st period - Stopped by Mikhal Berdin without a rebound.
13:12 of 1st period - Joona Luoto wins face-off versus Derek Ryan in Bears zone.
14:31 of 1st period - Minor Penalty to Brendan Smith for Hooking.
14:31 of 1st period - Minor Penalty to Jay Beagle for High sticking.
14:32 of 1st period - Oskar Lindblom wins face-off versus Justin Dowling in Comets zone.
14:43 of 1st period - Shot by Dennis Gilbert.
14:43 of 1st period - Stopped by David Rittich without a rebound.
14:44 of 1st period - Justin Dowling wins face-off versus Oskar Lindblom in Comets zone.
14:57 of 1st period - Shot by Justin Dowling.
14:57 of 1st period - Shot Blocked by Markus Niemelainen.
15:07 of 1st period - Shot by Oskar Lindblom.
15:07 of 1st period - Shot Blocked by Jordie Benn.
15:09 of 1st period - Shot by Oskar Lindblom.
15:09 of 1st period - Stopped by Mikhal Berdin with a rebound.
15:45 of 1st period - Shot by Chase De Leo.
15:45 of 1st period - Shot Blocked by Gustav Olofsson.
15:56 of 1st period - Icing by Gustav Olofsson.
15:57 of 1st period - Oskar Lindblom wins face-off versus Justin Dowling in Bears zone.
16:52 of 1st period - Frederik Gauthier and Buddy Robinson fight to a draw.
16:52 of 1st period - Penalty to Frederik Gauthier for Fighting.
16:52 of 1st period - Penalty to Buddy Robinson for Fighting.
16:53 of 1st period - Christoffer Ehn wins face-off versus Chase De Leo in Comets zone.
17:02 of 1st period - Shot by Tyrell Goulbourne.
17:02 of 1st period - Shot Misses the Net.
17:04 of 1st period - Shot by Tyrell Goulbourne.
17:04 of 1st period - Shot Blocked by Chase De Leo.
17:06 of 1st period - Shot by Tyrell Goulbourne.
17:06 of 1st period - Stopped by David Rittich without a rebound.
17:07 of 1st period - Arttu Ruotsalainen wins face-off versus Santeri Virtanen in Comets zone.
17:39 of 1st period - Icing by Beck Malenstyn.
17:40 of 1st period - Chase De Leo wins face-off versus Arttu Ruotsalainen in Bears zone.
18:15 of 1st period - Shot by Matt Bartkowski.
18:15 of 1st period - Shot Hit the Post.
18:47 of 1st period - Shot by Gustav Olofsson.
18:47 of 1st period - Shot Misses the Net.
18:49 of 1st period - Shot by Christoffer Ehn.
18:49 of 1st period - Stopped by David Rittich without a rebound.
18:50 of 1st period - Dennis Yan wins face-off versus Justin Dowling in Comets zone.
19:21 of 1st period - Shot by Cole Koepke.
19:21 of 1st period - Deflect By Joona Luoto.
19:21 of 1st period - Goal by Joona Luoto - Bears : 1 - Comets : 1.
19:22 of 1st period - Derek Ryan wins face-off versus Christoffer Ehn in neutral zone.
19:39 of 1st period - Shot by Derek Ryan.
19:39 of 1st period - Goal by Derek Ryan - Bears : 1 - Comets : 2.
19:40 of 1st period - Justin Dowling wins face-off versus Chase De Leo in neutral zone.
19:49 of 1st period - Shot by Cole Koepke.
19:49 of 1st period - Stopped by David Rittich with a rebound.
19:51 of 1st period - Shot by Gustav Olofsson.
19:51 of 1st period - Stopped by David Rittich with a rebound.
Goals for this period are 1 for Bears vs 2 for Comets.
Shots for this period are 16 for Bears vs 10 for Comets.

2nd period


0:01 of 2nd period - Justin Dowling wins face-off versus Derek Ryan in neutral zone.
0:13 of 2nd period - Shot by Cole Koepke.
0:13 of 2nd period - Stopped by David Rittich without a rebound.
0:14 of 2nd period - Arttu Ruotsalainen wins face-off versus Chase De Leo in Comets zone.
0:15 of 2nd period - Shot by Dennis Gilbert.
0:15 of 2nd period - Shot Misses the Net.
0:17 of 2nd period - Shot by Arttu Ruotsalainen.
0:17 of 2nd period - Stopped by David Rittich without a rebound.
0:18 of 2nd period - Justin Dowling wins face-off versus Derek Ryan in Comets zone.
0:35 of 2nd period - Shot by Josh Archibald.
0:35 of 2nd period - Stopped by Mikhal Berdin without a rebound.
0:36 of 2nd period - Chase De Leo wins face-off versus Arttu Ruotsalainen in Bears zone.
1:11 of 2nd period - Shot by Chad Krys.
1:11 of 2nd period - Shot Misses the Net.
1:45 of 2nd period - Shot by Cole Koepke.
1:45 of 2nd period - Stopped by David Rittich without a rebound.
1:46 of 2nd period - Derek Ryan wins face-off versus Christoffer Ehn in Comets zone.
1:48 of 2nd period - Icing by Oskar Lindblom.
1:49 of 2nd period - Derek Ryan wins face-off versus Christoffer Ehn in Comets zone.
1:49 of 2nd period - Derek Ryan is hit by Lean Bergmann.
1:52 of 2nd period - Icing by Oskar Lindblom.
1:53 of 2nd period - Derek Ryan wins face-off versus Justin Dowling in Comets zone.
2:30 of 2nd period - Shot by Joona Luoto.
2:30 of 2nd period - Shot Misses the Net.
2:32 of 2nd period - Shot by Cole Koepke.
2:32 of 2nd period - Shot Blocked by Matt Bartkowski.
3:01 of 2nd period - Shot by Dennis Gilbert.
3:01 of 2nd period - Shot Blocked by Dylan Labbe.
3:29 of 2nd period - Shot by Michael Raffl.
3:29 of 2nd period - Stopped by Mikhal Berdin without a rebound.
3:30 of 2nd period - Chase De Leo wins face-off versus Arttu Ruotsalainen in Bears zone.
3:32 of 2nd period - Trevor Lewis is hit by Kyle Burroughs and loses puck.
3:36 of 2nd period - Icing by Kyle Burroughs.
3:37 of 2nd period - Chase De Leo wins face-off versus Beck Malenstyn in Bears zone.
3:49 of 2nd period - Off-side.
3:50 of 2nd period - Justin Dowling wins face-off versus Santeri Virtanen in neutral zone.
3:53 of 2nd period - Shot by Joona Luoto.
3:53 of 2nd period - Shot Misses the Net.
4:11 of 2nd period - Shot by Joona Luoto.
4:11 of 2nd period - Shot Blocked by Brendan Smith.
4:15 of 2nd period - Shot by Joona Luoto.
4:15 of 2nd period - Stopped by David Rittich with a rebound.
4:17 of 2nd period - Shot by Gustav Olofsson.
4:17 of 2nd period - Stopped by David Rittich without a rebound.
4:18 of 2nd period - Derek Ryan wins face-off versus Arttu Ruotsalainen in Comets zone.
4:25 of 2nd period - Chad Krys is hit by Josh Archibald and loses puck.
4:38 of 2nd period - Shot by Derek Ryan.
4:38 of 2nd period - Shot Misses the Net.
4:44 of 2nd period - Shot by Josh Archibald.
4:44 of 2nd period - Stopped by Mikhal Berdin without a rebound.
4:45 of 2nd period - Christoffer Ehn wins face-off versus Chase De Leo in Bears zone.
5:30 of 2nd period - Icing by Markus Niemelainen.
5:31 of 2nd period - Chase De Leo wins face-off versus Justin Dowling in Comets zone.
5:58 of 2nd period - Shot by Oskar Lindblom.
5:58 of 2nd period - Stopped by Mikhal Berdin without a rebound.
5:59 of 2nd period - Arttu Ruotsalainen wins face-off versus Frederik Gauthier in Bears zone.
5:59 of 2nd period - Beck Malenstyn is hit by Frederik Gauthier and loses puck.
6:31 of 2nd period - Shot by Beck Malenstyn.
6:31 of 2nd period - Shot Blocked by Michael Raffl.
6:46 of 2nd period - Icing by Brendan Smith.
6:47 of 2nd period - Frederik Gauthier wins face-off versus Justin Dowling in Comets zone.
7:06 of 2nd period - Shot by Cole Koepke.
7:06 of 2nd period - Shot Misses the Net.
7:08 of 2nd period - Shot by Cole Koepke.
7:08 of 2nd period - Stopped by David Rittich without a rebound.
7:09 of 2nd period - Christoffer Ehn wins face-off versus Chase De Leo in Comets zone.
7:20 of 2nd period - Shot by Lean Bergmann.
7:20 of 2nd period - Shot Misses the Net.
7:34 of 2nd period - Shot by Chase De Leo.
7:34 of 2nd period - Deflect By Chris Terry.
7:34 of 2nd period - Stopped by Mikhal Berdin with a rebound.
7:41 of 2nd period - Shot by Chase De Leo.
7:41 of 2nd period - Shot Misses the Net.
7:43 of 2nd period - Shot by Chase De Leo.
7:43 of 2nd period - Goal by Chase De Leo - Bears : 1 - Comets : 3.
7:44 of 2nd period - Justin Dowling wins face-off versus Derek Ryan in neutral zone.
7:53 of 2nd period - Shot by Justin Dowling.
7:53 of 2nd period - Shot Misses the Net.
7:56 of 2nd period - Icing by Matt Bartkowski.
7:57 of 2nd period - Arttu Ruotsalainen wins face-off versus Derek Ryan in Comets zone.
8:39 of 2nd period - Icing by Kyle Burroughs.
8:40 of 2nd period - Arttu Ruotsalainen wins face-off versus Chase De Leo in Bears zone.
8:44 of 2nd period - Minor Penalty to Kyle Burroughs for Holding.
8:45 of 2nd period - Trevor Lewis wins face-off versus Cole Koepke in Bears zone.
9:31 of 2nd period - Shot by Dennis Gilbert.
9:31 of 2nd period - Stopped by David Rittich without a rebound.
9:32 of 2nd period - Joona Luoto wins face-off versus Derek Ryan in Comets zone.
10:29 of 2nd period - Shot by Markus Niemelainen.
10:29 of 2nd period - Shot Misses the Net.
10:42 of 2nd period - Icing by Chase De Leo.
10:43 of 2nd period - Chase De Leo wins face-off versus Joona Luoto in Comets zone.
11:05 of 2nd period - Shot by Michael Raffl.
11:05 of 2nd period - Stopped by Mikhal Berdin without a rebound.
11:06 of 2nd period - Christoffer Ehn wins face-off versus Santeri Virtanen in Bears zone.
11:23 of 2nd period - Lean Bergmann is hit by Dennis Yan and loses puck.
11:37 of 2nd period - Icing by Dennis Yan.
11:38 of 2nd period - Justin Dowling wins face-off versus Santeri Virtanen in Comets zone.
11:39 of 2nd period - Shot by Cole Koepke.
11:39 of 2nd period - Shot Blocked by Kevin Czucman.
12:25 of 2nd period - Shot by Oskar Lindblom.
12:25 of 2nd period - Goal by Oskar Lindblom - Bears : 1 - Comets : 4.
12:25 of 2nd period - Spencer Martin enters game.
12:26 of 2nd period - Buddy Robinson wins face-off versus Chase De Leo in neutral zone.
13:02 of 2nd period - Shot by Beck Malenstyn.
13:02 of 2nd period - Stopped by David Rittich without a rebound.
13:03 of 2nd period - Derek Ryan wins face-off versus Christoffer Ehn in Comets zone.
13:32 of 2nd period - Shot by Lean Bergmann.
13:32 of 2nd period - Stopped by David Rittich without a rebound.
13:33 of 2nd period - Frederik Gauthier wins face-off versus Justin Dowling in Comets zone.
13:39 of 2nd period - Michael Raffl is hit by Jordie Benn.
14:05 of 2nd period - Shot by Frederik Gauthier.
14:05 of 2nd period - Shot Misses the Net.
14:13 of 2nd period - Shot by Justin Dowling.
14:13 of 2nd period - Shot Misses the Net.
14:40 of 2nd period - Shot by Buddy Robinson.
14:40 of 2nd period - Shot Misses the Net.
15:22 of 2nd period - Shot by Jay Beagle.
15:22 of 2nd period - Shot Blocked by Frederik Gauthier.
15:28 of 2nd period - Shot by Jay Beagle.
15:28 of 2nd period - Stopped by David Rittich with a rebound.
15:30 of 2nd period - Shot by Jay Beagle.
15:30 of 2nd period - Stopped by David Rittich with a rebound.
16:11 of 2nd period - Shot by Lean Bergmann.
16:11 of 2nd period - Stopped by David Rittich with a rebound.
16:13 of 2nd period - Shot by Christoffer Ehn.
16:13 of 2nd period - Shot Misses the Net.
16:58 of 2nd period - Major / Game Misconduct Penalty to Dennis Gilbert for Abuse of Officials.
16:58 of 2nd period - Dennis Gilbert is ejected from game.
16:59 of 2nd period - Chase De Leo wins face-off versus Justin Dowling in Bears zone.
17:10 of 2nd period - Shot by Trevor Lewis.
17:10 of 2nd period - Stopped by Spencer Martin with a rebound.
17:29 of 2nd period - Icing by Trevor Lewis.
17:30 of 2nd period - Joona Luoto wins face-off versus Chase De Leo in Comets zone.
17:55 of 2nd period - Dylan Labbe is hit by Cole Koepke and loses puck.
18:02 of 2nd period - Shot by Dylan Labbe.
18:02 of 2nd period - Stopped by Spencer Martin with a rebound.
18:04 of 2nd period - Shot by Derek Ryan.
18:04 of 2nd period - Goal by Derek Ryan - Bears : 1 - Comets : 5.
18:05 of 2nd period - Derek Ryan wins face-off versus Joona Luoto in neutral zone.
18:29 of 2nd period - Icing by Markus Niemelainen.
18:30 of 2nd period - Derek Ryan wins face-off versus Justin Dowling in Comets zone.
19:05 of 2nd period - Shot by Joona Luoto.
19:05 of 2nd period - Goal by Joona Luoto - Bears : 2 - Comets : 5.
19:06 of 2nd period - Chase De Leo wins face-off versus Tyrell Goulbourne in neutral zone.
19:38 of 2nd period - Dylan Labbe is hit by Lean Bergmann and loses puck.
Goals for this period are 1 for Bears vs 3 for Comets.
Shots for this period are 13 for Bears vs 11 for Comets.

3rd period


0:01 of 3rd period - Derek Ryan wins face-off versus Justin Dowling in neutral zone.
0:33 of 3rd period - Chad Krys is hit by Josh Archibald and loses puck.
1:14 of 3rd period - Shot by Brandon Davidson.
1:14 of 3rd period - Deflect By Chase De Leo.
1:14 of 3rd period - Shot Blocked by Lean Bergmann.
1:16 of 3rd period - Shot by Chase De Leo.
1:16 of 3rd period - Deflect By Chris Terry.
1:16 of 3rd period - Shot Misses the Net.
1:18 of 3rd period - Shot by Trevor Lewis.
1:18 of 3rd period - Goal by Trevor Lewis - Bears : 2 - Comets : 6.
1:19 of 3rd period - Derek Ryan wins face-off versus Joona Luoto in neutral zone.
1:26 of 3rd period - Shot by Kevin Czucman.
1:26 of 3rd period - Shot Misses the Net.
1:30 of 3rd period - Shot by Oskar Lindblom.
1:30 of 3rd period - Deflect By Derek Ryan.
1:30 of 3rd period - Stopped by Spencer Martin without a rebound.
1:31 of 3rd period - Joona Luoto wins face-off versus Chase De Leo in Bears zone.
1:56 of 3rd period - Shot by Brandon Davidson.
1:56 of 3rd period - Stopped by Spencer Martin without a rebound.
1:57 of 3rd period - Joona Luoto wins face-off versus Derek Ryan in Bears zone.
2:11 of 3rd period - Icing by Dylan Labbe.
2:12 of 3rd period - Santeri Virtanen wins face-off versus Christoffer Ehn in Comets zone.
2:16 of 3rd period - Off-side.
2:17 of 3rd period - Arttu Ruotsalainen wins face-off versus Derek Ryan in neutral zone.
2:56 of 3rd period - Shot by Oskar Lindblom.
2:56 of 3rd period - Stopped by Spencer Martin without a rebound.
2:57 of 3rd period - Chase De Leo wins face-off versus Justin Dowling in Bears zone.
3:06 of 3rd period - Chad Krys is hit by Trevor Lewis and loses puck.
3:15 of 3rd period - Shot by Justin Dowling.
3:15 of 3rd period - Stopped by David Rittich without a rebound.
3:16 of 3rd period - Santeri Virtanen wins face-off versus Christoffer Ehn in Comets zone.
3:16 of 3rd period - Santeri Virtanen is hit by Lean Bergmann.
4:24 of 3rd period - Shot by Justin Dowling.
4:24 of 3rd period - Stopped by David Rittich without a rebound.
4:25 of 3rd period - Chase De Leo wins face-off versus Arttu Ruotsalainen in Comets zone.
4:27 of 3rd period - Kevin Czucman is hit by Buddy Robinson and loses puck.
4:36 of 3rd period - Shot by Arttu Ruotsalainen.
4:36 of 3rd period - Stopped by David Rittich without a rebound.
4:37 of 3rd period - Justin Dowling wins face-off versus Frederik Gauthier in Comets zone.
4:40 of 3rd period - Shot by Cole Koepke.
4:40 of 3rd period - Shot Misses the Net.
6:12 of 3rd period - Shot by Chris Terry.
6:12 of 3rd period - Shot Misses the Net.
6:25 of 3rd period - Brendan Smith is hit by Beck Malenstyn.
7:01 of 3rd period - Icing by Maxim Letunov.
7:02 of 3rd period - Santeri Virtanen wins face-off versus Christoffer Ehn in Bears zone.
7:56 of 3rd period - Arttu Ruotsalainen is hit by Matt Bartkowski and loses puck.
8:15 of 3rd period - Shot by Jay Beagle.
8:15 of 3rd period - Shot Misses the Net.
8:17 of 3rd period - Shot by Jay Beagle.
8:17 of 3rd period - Shot Misses the Net.
8:19 of 3rd period - Shot by Kyle Burroughs.
8:19 of 3rd period - Stopped by David Rittich with a rebound.
8:21 of 3rd period - Shot by Jay Beagle.
8:21 of 3rd period - Stopped by David Rittich without a rebound.
8:22 of 3rd period - Justin Dowling wins face-off versus Michael Joly in Comets zone.
8:29 of 3rd period - Shot by Joona Luoto.
8:29 of 3rd period - Shot Hit the Post.
8:33 of 3rd period - Shot by Cole Koepke.
8:33 of 3rd period - Deflect By Justin Dowling.
8:33 of 3rd period - Shot Misses the Net.
8:35 of 3rd period - Shot by Joona Luoto.
8:35 of 3rd period - Shot Misses the Net.
9:00 of 3rd period - Off-side.
9:01 of 3rd period - Christoffer Ehn wins face-off versus Derek Ryan in neutral zone.
9:04 of 3rd period - Shot by Tyrell Goulbourne.
9:04 of 3rd period - Shot Misses the Net.
9:14 of 3rd period - Shot by Derek Ryan.
9:14 of 3rd period - Stopped by Spencer Martin with a rebound.
9:38 of 3rd period - Shot by Oskar Lindblom.
9:38 of 3rd period - Shot Misses the Net.
10:12 of 3rd period - Shot by Chase De Leo.
10:12 of 3rd period - Stopped by Spencer Martin without a rebound.
10:13 of 3rd period - Justin Dowling wins face-off versus Frederik Gauthier in Bears zone.
10:13 of 3rd period - Justin Dowling is hit by Frederik Gauthier.
10:53 of 3rd period - Shot by Frederik Gauthier.
10:53 of 3rd period - Stopped by Spencer Martin without a rebound.
10:54 of 3rd period - Josh Archibald wins face-off versus Arttu Ruotsalainen in Bears zone.
11:02 of 3rd period - Buddy Robinson is hit by Matt Bartkowski and loses puck.
11:10 of 3rd period - Minor Penalty to Kevin Czucman for Hooking.
11:11 of 3rd period - Arttu Ruotsalainen wins face-off versus Oskar Lindblom in Comets zone.
11:22 of 3rd period - Shot by Jordie Benn.
11:22 of 3rd period - Stopped by David Rittich without a rebound.
11:23 of 3rd period - Justin Dowling wins face-off versus Oskar Lindblom in Comets zone.
11:32 of 3rd period - Jordie Benn is hit by Derek Ryan.
12:28 of 3rd period - Shot by Arttu Ruotsalainen.
12:28 of 3rd period - Stopped by David Rittich without a rebound.
12:29 of 3rd period - Justin Dowling wins face-off versus Oskar Lindblom in Comets zone.
12:50 of 3rd period - Shot by Cole Koepke.
12:50 of 3rd period - Stopped by David Rittich without a rebound.
12:51 of 3rd period - Chase De Leo wins face-off versus Arttu Ruotsalainen in Comets zone.
14:17 of 3rd period - Icing by Beck Malenstyn.
14:18 of 3rd period - Arttu Ruotsalainen wins face-off versus Derek Ryan in Bears zone.
15:39 of 3rd period - Icing by Frederik Gauthier.
15:40 of 3rd period - Frederik Gauthier wins face-off versus Justin Dowling in Comets zone.
15:40 of 3rd period - Frederik Gauthier is hit by Cole Koepke.
15:48 of 3rd period - Shot by Markus Niemelainen.
15:48 of 3rd period - Deflect By Michael Joly.
15:48 of 3rd period - Stopped by Spencer Martin with a rebound.
15:50 of 3rd period - Shot by Frederik Gauthier.
15:50 of 3rd period - Shot Misses the Net.
16:08 of 3rd period - Shot by Trevor Lewis.
16:08 of 3rd period - Shot Misses the Net.
16:10 of 3rd period - Shot by Chase De Leo.
16:10 of 3rd period - Stopped by Spencer Martin with a rebound.
17:04 of 3rd period - Shot by Oskar Lindblom.
17:04 of 3rd period - Stopped by Spencer Martin with a rebound.
17:19 of 3rd period - Icing by Jordie Benn.
17:20 of 3rd period - Christoffer Ehn wins face-off versus Santeri Virtanen in Bears zone.
17:27 of 3rd period - Tyrell Goulbourne is hit by Dennis Yan and loses puck.
18:22 of 3rd period - Shot by Buddy Robinson.
18:22 of 3rd period - Stopped by David Rittich without a rebound.
18:23 of 3rd period - Derek Ryan wins face-off versus Maxim Letunov in Comets zone.
18:27 of 3rd period - Icing by Oskar Lindblom.
18:28 of 3rd period - Justin Dowling wins face-off versus Derek Ryan in Comets zone.
18:32 of 3rd period - Icing by Matt Bartkowski.
18:33 of 3rd period - Arttu Ruotsalainen wins face-off versus Derek Ryan in Comets zone.
18:37 of 3rd period - Buddy Robinson is hit by Matt Bartkowski.
18:45 of 3rd period - Shot by Buddy Robinson.
18:45 of 3rd period - Shot Blocked by Kevin Czucman.
18:47 of 3rd period - Shot by Gustav Olofsson.
18:47 of 3rd period - Shot Blocked by Derek Ryan.
18:49 of 3rd period - Shot by Buddy Robinson.
18:49 of 3rd period - Shot Blocked by Matt Bartkowski.
19:18 of 3rd period - Josh Archibald is hit by Beck Malenstyn.
19:31 of 3rd period - Icing by Matt Bartkowski.
19:32 of 3rd period - Derek Ryan wins face-off versus Joona Luoto in Comets zone.
19:47 of 3rd period - Shot by Trevor Lewis.
19:47 of 3rd period - Shot Misses the Net.
19:49 of 3rd period - Shot by Brandon Davidson.
19:49 of 3rd period - Shot Blocked by Kyle Burroughs.
Goals for this period are 0 for Bears vs 1 for Comets.
Shots for this period are 9 for Bears vs 10 for Comets.